Map: 暮色之塔

Players

peto

  • Race: Terran Terran
  • League: Gold

shengy - Winner!

  • Race: Zerg Zerg
  • League: Gold

VOD

Have the link to the VOD?

Description

Time

  • Played on: Nov. 28, 2015, 11:37 p.m.
  • Length: 7:01
Show
View Real Time Build Order
Export as new Build Order

peto Terran 

Build Orders: Command Center First (CC) 

Get SALT Encoding   

  12  0:02  SCV  
  14  0:14  SCV  
  14  0:18  Supply Depot  
  14  0:26  SCV  
  15  0:39  SCV  
  16  0:52  SCV  
  17  1:02  Command Center  
  17  1:08  SCV  
  18  1:17  Barracks  
  18  1:22  SCV  
  19  1:34  SCV  
  20  1:43  Supply Depot  
  20  1:46  SCV  
  21  2:00  SCV  
  22  2:10  Marine  
  23  2:22  Refinery  
  23  2:25  Refinery  
  23  2:29  Marine, Command Center  
  24  2:47  SCV x2  
  26  2:58  Marine  
  27  3:03  Orbital Command  
  27  3:05  Orbital Command  
  27  3:16  Marine  
  28  3:25  Factory  
  29  3:34  SCV x2  
  29  3:40  Marine  
  31  3:43  Orbital Command  
  31  3:49  Refinery, SCV x2  
  31  3:53  Refinery  
  33  4:01  SCV x2  
  35  4:03  Marine  
  36  4:10  Factory Reactor  
  36  4:11  Starport  
  36  4:13  SCV  
  37  4:18  Starport  
  37  4:20  SCV x2  
  39  4:25  SCV  
  40  4:32  SCV x2, Marine  
  40  4:37  SCV  
  44  4:41  Starport  
  44  4:49  Liberator x2  
  44  4:53  SCV x2  
  44  4:54  Factory Tech Lab, SCV  
  47  5:05  SCV  
  54  5:08  SCV  
  54  5:09  Starport Tech Lab, SCV  
  56  5:18  SCV  
  56  5:20  SCV  
  56  5:21  Supply Depot x2, SCV  
  59  5:30  SCV  
  60  5:38  Liberator x2  
  60  5:42  Banshee x2  
  60  5:45  Supply Depot  
  60  5:47  SCV x3  
  75  5:59  SCV  
  76  6:18  Factory Tech Lab  
  76  6:20  SCV x3  
Show
View Real Time Build Order
Export as new Build Order

shengy Zerg - Winner!

Build Orders: Hatch First 

Get SALT Encoding   

  12  0:01  Drone  
  13  0:08  Drone  
  14  0:17  Overlord  
  14  0:35  Drone  
  15  0:36  Drone x2  
  17  0:46  Drone  
  18  0:57  Drone  
  19  1:08  Drone  
  19  1:10  Hatchery  
  19  1:18  Spawning Pool  
  18  1:21  Drone  
  19  1:30  Drone  
  20  1:35  Extractor  
  19  1:42  Drone  
  20  1:54  Overlord  
  20  2:08  Drone  
  21  2:14  Hatchery  
  20  2:22  Drone  
  20  2:36  Drone  
  21  2:37  Queen  
  21  2:38  Queen  
  21  2:41  Drone x2  
  27  2:47  Drone x3  
  27  2:48  Metabolic Boost  
  30  2:55  Drone x2  
  32  3:05  Overlord  
  32  3:06  Zergling x2  
  33  3:19  Queen  
  35  3:21  Lair  
  35  3:23  Drone  
  35  3:26  Extractor  
  35  3:31  Extractor  
  34  3:34  Drone x2  
  34  3:35  Roach Warren  
  34  3:39  Queen  
  38  3:41  Drone  
  38  3:44  Drone  
  39  3:54  Drone x3  
  42  4:03  Overlord  
  42  4:04  Zergling x2  
  42  4:23  Spire  
  41  4:25  Baneling Nest  
  41  4:27  Overlord  
  40  4:33  Overseer  
  40  4:36  Overseer  
  40  4:48  Drone x3  
  40  4:51  Drone  
  40  4:52  Extractor, Drone x7  
  50  4:53  Drone x3  
  53  5:11  Centrifical Hooks  
  53  5:12  Overlord  
  53  5:13  Hydralisk Den, Drone  
  53  5:26  Evolution Chamber  
  53  5:28  Evolution Chamber  
  51  5:31  Drone x4  
  51  5:32  Drone  
  56  5:42  Drone x4  
  60  5:46  Drone x2  
  62  6:01  Hatchery  
  61  6:17  Overlord  
  61  6:18  Overlord x4  
  61  6:57  Extractor  
  61  6:59  Extractor  
  61  7:00  Spore Crawler  
Tags
 
Add a new tag
Caveats
  • Supply blocks, unpowered buildings, or Contaminate may cause inaccurate times.
  • Supply counts are checked every 10 seconds.